 Dungeon Sprint DCSS version 0.31-a0-931-g7b59d4eb97 (webtiles) character file.

Game seed: 9195142479103480385

10205 rocky1 the Fencer (level 11, -8/94 HPs)
             Began as a Djinni Gladiator on Oct 20, 2023.
             Was an Initiate of Gozag.
             Mangled by a merfolk
             ... wielding a +0 trident
              (10 damage)
             ... in the Dungeon (Sprint VII: "The Pits").
             The game lasted 00:07:26 (2860 turns).

rocky1 the Fencer (Djinni Gladiator)                Turns: 2860, Time: 00:07:27

Health: -8/94      AC: 17    Str: 16    XL:     11   Next: 88%
Gold:   1972       EV: 14    Int: 11    God:    Gozag SH:  0 Dex: 21

rFire   + + .        w - +0 great sword (holy)
rCold   x . .        (shield currently unavailable)
rNeg    . . .        u - +4 chain mail
rPois   ∞            c - +0 helmet
rElec   .            (no cloak)
rCorr   .            (no gloves)
SInv    .            (boots unavailable)
Will    +....        (no amulet) Stlth
                     p - +3 ring of dexterity
HPRegen 0.35/turn    q - +3 ring of strength
MPRegen 0.00/turn

%: no teleportation, infuse magic (-9 HP)
@: gold aura, flying
A: sickness immunity, fire resistance 2, cold vulnerability 1, float, innate
caster, HP casting, extra vitality 1
a: Renounce Religion, Potion Petition, Call Merchant, Bribe Branch


You were in the Dungeon.
You worshipped Gozag.
Gozag was most pleased with you.
You visited 1 branch You collected 4266 gold pieces.
You spent 934 gold pieces at shops.
You paid 1360 gold pieces to Gozag.

Inventory:

Hand Weapons
 a - a +0 long sword
 o - a +0 long sword of flaming
 t - a +2 heavy scimitar
 w - a +0 great sword of holy wrath (weapon)
Missiles
 d - 2 throwing nets (quivered)
 e - a javelin
Armour
 b - a +0 leather armour
 c - a +0 helmet (worn)
 n - a +3 chain mail
 u - a +4 chain mail (worn)
 v - the +3 Mad Mage's Maulers {Infuse+∞ VampMP -Cast}
   (You bought it in a shop in the Dungeon)

   Infuse+∞: It empowers its wearer's blows with all of their magic.
   VampMP:    Blows struck in melee replenish the wearer's magic.
   -Cast:     It prevents spellcasting.
Jewellery
 p - a +3 ring of dexterity (left hand)
 q - a +3 ring of strength (right hand)
Scrolls
 j - a scroll of blinking
 l - 2 scrolls of vulnerability
 m - a scroll of summoning
 x - a scroll of identify {unknown}
 y - a scroll of immolation {unknown}
 z - a scroll of enchant armour {unknown}
Potions
 f - 8 potions of curing
 i - 2 potions of berserk rage
 k - a potion of invisibility
 r - 3 potions of brilliance
 s - a potion of might
 A - a potion of mutation {unknown}


   Skills:
 * Level 14.3 Fighting
 * Level 17.5 Long Blades
 - Level 3.0 Throwing
 + Level 11.9 Armour
 + Level 11.2 Dodging
 - Level 0.6 Stealth


You knew the following spells:

 Your Spells              Type           Power      Damage    Failure   Level
a - Sandblast             Erth           0%         2d4       94%         1
b - Momentum Strike       Conj/Tloc      0%         3d8       98%         2
c - Ignite Poison         Fire/Tmut/Pois 0%         N/A       100%        3
d - Ozocubu's Armour      Ice            0%         N/A       100%        3
e - Fireball              Conj/Fire      0%         3d3       100%        5
Your spell library was empty.


Dungeon Overview and Level Annotations

Branches:
Dungeon (1/1)

Altars:
Ashenzari
Cheibriados
Dithmenos
Elyvilon
Fedhas
Gozag
Hepliaklqana
Makhleb
Nemelex Xobeh
Okawaru
Qazlal
Ru
Trog
Uskayaw
Wu Jian
Xom
Yredelemnul
Zin
The Shining One
Jiyva
Lugonu

Shops:
D [


Innate Abilities, Weirdness & Mutations

You are immune to sickness and miasma.
You are immune to poison.
Your flesh is very heat resistant. (rF++)
You are vulnerable to cold. (rC-)
You float through the air rather than walking.
You learn spells naturally, not from books.
Your magical power is your life essence.
You have superior vitality. (+4 MHP)


Message History

The jumping spider is severely wounded.
The jumping spider pounces on you but does no damage.
The jumping spider barely misses you.
The dream sheep "Baaaas" sleepily.
You slice the jumping spider!!
You kill the jumping spider!
The dream sheep misses you.
Unknown command.
You slice the dream sheep!!
You kill the dream sheep!
You slash the dream sheep!
The dream sheep is heavily wounded.
The dream sheep bites you but does no damage.
You hit the dream sheep.
The dream sheep is heavily wounded.
The dream sheep bites you.
* * * LOW HITPOINT WARNING * * *
The merfolk hits you from afar with a +0 trident!
* * * LOW HITPOINT WARNING * * *
You slice the dream sheep!!
You kill the dream sheep!
The merfolk throws a boomerang.
The boomerang barely misses you.
Unknown command.
You feel better.
The merfolk is distracted by your dazzling golden aura.
Unknown command.
The merfolk is no longer distracted by gold.
The merfolk hits you but does no damage.
You see here 54 gold pieces.
You hit the merfolk but do no damage.
The merfolk hits you but does no damage.
You hit the merfolk.
The merfolk is lightly wounded.
The merfolk hits you with a +0 trident!
* * * LOW HITPOINT WARNING * * *
You closely miss the merfolk.
The merfolk is lightly wounded.
The merfolk hits you with a +0 trident!
You die...
Your body crumbles into a pile of gold.

'###### '###########
######
.....+..+...### .....
.....+..+.....## ....
∩...##..##.....##
...#
..###....###....#
...#
.##........###.###..#
'#...#..#...#....#..#
)...........'...@mY.+
'#...#..#...#...$#..#
)##........###$###..#
..###....###....#
...#
....##..##.....##
...# .....'..))....##
.... ##...'..)...###
..... ############
######


You could see a merfolk and a dream sheep.

Vanquished Creatures
  Josephine (D)
  A centaur warrior (D)
  2 flayed ghosts (D)
  A bog body (D)
  An orc knight (D)
  A phantasmal warrior (D)
  A merfolk siren (D)
  An orange demon (D)
  A yaktaur (D)
  A freezing wraith (D)
  A red devil (D)
  A troll (D)
  12 dream sheep (D)
  A tarantella (D)
  A jumping spider (D)
  3 wraiths (D)
  A spriggan (D)
  A fire bat (D)
  3 vampire mosquitoes (D)
  3 wargs (D)
  An acid dragon (D)
  A water moccasin (D)
  A floating eye (D)
  An orc warrior (D)
  Pargi (D)
  A phantom (D)
  A small abomination (D)
  2 scorpions (D)
  5 wights (D)
  A crimson imp (D)
  An orc priest (D)
  2 orc wizards (D)
  An adder (D)
  A river rat (D)
  A worm (D)
  8 orcs (D)
  A bat skeleton (D)
  An endoplasm (D)
  A quokka (D)
  3 frilled lizards (D)
  2 goblins (D)
  2 rats (D)
77 creatures vanquished.

Notes
Turn   | Place    | Note
-------+----------+-------------------------------------------
     0 | D        | rocky1 the Djinni Gladiator began the quest for the Orb.
     0 | D        | Reached XP level 1. HP: 18/18 MP: 0/0
    50 | D        | Found a bloodstained altar of Trog.
    50 | D        | Found a viscous altar of Jiyva.
    50 | D        | Found a hazy altar of Hepliaklqana.
    50 | D        | Found an opulent altar of Gozag.
    51 | D        | Found a glowing golden altar of the Shining One.
    51 | D        | Found a glowing silver altar of Zin.
    51 | D        | Found a basalt altar of Yredelemnul.
    51 | D        | Found a shimmering altar of Xom.
    51 | D        | Found an ornate altar of the Wu Jian Council.
    51 | D        | Found a sacrificial altar of Ru.
    51 | D        | Found a stormy altar of Qazlal.
    51 | D        | Found an iron altar of Okawaru.
    51 | D        | Found a sparkling altar of Nemelex Xobeh.
    51 | D        | Found a burning altar of Makhleb.
    51 | D        | Found a blossoming altar of Fedhas.
    51 | D        | Found a white marble altar of Elyvilon.
    51 | D        | Found a shadowy altar of Dithmenos.
    51 | D        | Found a snail-covered altar of Cheibriados.
    53 | D        | Found a corrupted altar of Lugonu.
    55 | D        | Found a hide-covered altar of Uskayaw.
    55 | D        | Found a broken altar of Ashenzari.
    58 | D        | Became a worshipper of Gozag Ym Sagoz the Greedy
    75 | D        | Reached skill level 3 in Long Blades
    85 | D        | Noticed a floating eye
    89 | D        | Paralysed by a floating eye for 4 turns
    96 | D        | Killed a floating eye
    97 | D        | Reached skill level 5 in Long Blades
    97 | D        | Reached XP level 2. HP: 22/25 MP: 0/0
    97 | D        | Reached XP level 3. HP: 27/30 MP: 0/0
    97 | D        | Learned a level 1 spell: Sandblast
    97 | D        | Reached XP level 4. HP: 31/35 MP: 0/0
    97 | D        | Reached XP level 5. HP: 36/40 MP: 0/0
    97 | D        | Learned a level 2 spell: Momentum Strike
   225 | D        | Reached skill level 6 in Long Blades
   225 | D        | Reached skill level 1 in Armour
   313 | D        | Noticed Pargi
   313 | D        | Noticed a water moccasin
   324 | D        | Reached skill level 7 in Long Blades
   324 | D        | Reached XP level 6. HP: 47/47 MP: 0/0
   327 | D        | Killed a water moccasin
   328 | D        | Reached skill level 8 in Long Blades
   337 | D        | Killed Pargi
   338 | D        | Reached skill level 9 in Long Blades
   338 | D        | Reached XP level 7. HP: 46/53 MP: 0/0
   338 | D        | Learned a level 3 spell: Ignite Poison
   343 | D        | Noticed a fire bat
   354 | D        | Reached skill level 5 in Fighting
   362 | D        | Killed a fire bat
   363 | D        | Reached skill level 10 in Long Blades
   393 | D        | Noticed a warg
   404 | D        | Killed a warg
   405 | D        | Reached skill level 11 in Long Blades
   405 | D        | Reached skill level 10 in Dodging
   405 | D        | Reached XP level 8. HP: 29/61 MP: 0/0
   510 | D        | Noticed a tarantella
   522 | D        | Killed a tarantella
   828 | D        | Reached skill level 5 in Armour
  1158 | D        | Noticed an orc knight
  1158 | D        | Noticed a troll
  1158 | D        | Noticed a flayed ghost
  1189 | D        | Killed a flayed ghost
  1190 | D        | Reached skill level 12 in Long Blades
  1190 | D        | Reached XP level 9. HP: 25/71 MP: 0/0
  1190 | D        | Learned a level 3 spell: Ozocubu's Armour
  1195 | D        | Killed a troll
  1292 | D        | Killed an orc knight
  1293 | D        | Reached skill level 10 in Fighting
  1293 | D        | Reached skill level 13 in Long Blades
  1704 | D        | Bought the +3 Mad Mage's Maulers {Infuse+∞ VampMP -Cast}
                  | for 640 gold pieces
  1704 | D        | Found the +3 Mad Mage's Maulers {Infuse+∞ VampMP -Cast}
  1811 | D        | Noticed a phantasmal warrior
  1813 | D        | Noticed a bog body
  1822 | D        | Killed a phantasmal warrior
  1823 | D        | Reached XP level 10. HP: 18/81 MP: 0/0
  1826 | D        | Killed a bog body
  1837 | D        | Reached skill level 14 in Long Blades
  1843 | D        | Reached skill level 10 in Armour
  1970 | D        | Bought a runed great sword for 209 gold pieces
  1970 | D        | Bought a scroll labelled WIQARA ADUEZE for 22 gold pieces
  1970 | D        | Bought a scroll labelled IFOAFA USUA for 22 gold pieces
  1970 | D        | Bought a scroll labelled TEAPAG EDINKES for 22 gold pieces
  1970 | D        | Bought a black potion for 19 gold pieces
  2076 | D        | Noticed a freezing wraith
  2076 | D        | Noticed a merfolk siren
  2082 | D        | Killed a freezing wraith
  2086 | D        | Killed a merfolk siren
  2091 | D        | Reached skill level 15 in Long Blades
  2426 | D        | Noticed a flayed ghost
  2429 | D        | Reached XP level 11. HP: 86/90 MP: 0/0
  2429 | D        | Learned a level 5 spell: Fireball
  2437 | D        | Killed a flayed ghost
  2451 | D        | Noticed Josephine
  2462 | D        | Killed Josephine
  2463 | D        | Reached skill level 16 in Long Blades
  2807 | D        | Noticed a centaur warrior
  2827 | D        | Killed a centaur warrior
  2828 | D        | Reached skill level 17 in Long Blades
  2854 | D        | HP: 4/94 [merfolk/+0 trident (11)]
  2859 | D        | HP: 2/94 [merfolk/+0 trident (10)]
  2860 | D        | Mangled by a merfolk

Illustrated notes

Levels and vault maps discovered:
D:        pitsprint [storerooms_1, entrance_room_1, metal_vault_4, armoury_1,
          mini_pit_1, grid_room_1, main_hall_1, silver_pit, the_coven_2,
          the_vestibule_1, steel_vault_5, golden_pit, hallway_of_sentries,
          crystal_vault_4, iron_vault_4, final_vault]

Skill      XL: |  1  2  3  4  5  6  7  8  9 10 11 |
---------------+----------------------------------+-----
Long Blades    | 5 7 9 11 12 13 15 17 | 17.5
Fighting       | 3 4 6 8 10 12 14 | 14.3
Throwing       | 2 3 |  3.0
Dodging        | 6 8 9 10 11 | 11.2
Armour         | 2 3 4 6 8 10 11 | 11.9
Stealth        | |  0.6

Action                     |  1- 3 |  4- 6 |  7- 9 | 10-12 || total
---------------------------+-------+-------+-------+-------++-------
  Melee: Long sword        |    18 |    41 |   105 |    32 ||   196
         Punch             |       |     1 |     1 |       ||     2
         Great sword       |       |       |       |   103 ||   103
  Throw: Throwing net      |       |       |     3 |       ||     3
 Invoke: Call Merchant     |       |       |     1 |     1 ||     2
         Potion Petition   |       |       |       |     1 ||     1
    Use: Potion            |       |     1 |     5 |     6 ||    12
   Stab: Invisible         |       |     4 |       |       ||     4
         Distracted        |       |     1 |     1 |     5 ||     7
         Held in net/web   |       |       |     2 |       ||     2
 Armour: Leather armour    |    15 |     3 |       |       ||    18
         Chain mail        |       |    15 |    75 |   139 ||   229
  Dodge: Dodged            |     7 |    27 |    46 |    92 ||   172

Table legend: (Time is in decaauts)
 A = Elapsed time spent in this place.
 B = Non-inter-level travel time spent in this place.
 C = Inter-level travel time spent in this place.
 D = Time resting spent in this place.
 E = Time spent auto-exploring this place.
 F = Levels seen in this place.
 G = Mean time per level.
                   A        B        C        D        E       F      G
               +--------+--------+--------+--------+--------+-----+--------+
         Total |   2836 |   2776 |     60 |   1981 |      0 |   1 | 2836.0 |
       Dungeon |   2836 |   2776 |     60 |   1981 |      0 |   1 | 2836.0 |
               +--------+--------+--------+--------+--------+-----+--------+

Top non-repeatable levels by time:
       D: 2836 daAuts
